 Dungeon Crawl Stone Soup version 0.31-a0-750-gfe7b580527 (webtiles) character file.

Game seed: 14506026838537280333

19345 Newt the Fighter (level 12, -3/95 HPs)
             Began as a Demonspawn Gladiator on Sept 14, 2023.
             Was the Champion of Okawaru.
             Slain by a white ugly thing (6 damage)
             ... on level 14 of the Dungeon.
             The game lasted 00:16:37 (14205 turns).

Newt the Fighter (Demonspawn Gladiator)            Turns: 14205, Time: 00:16:37

Health: -3/95      AC: 19    Str: 16    XL:     12   Next: 35%
Magic:  16/24      EV: 32    Int:  9    God:    Okawaru [******]
Gold:   620        SH:  0    Dex: 16    Spells: 21/27 levels left

rFire   + + .        F - +8 spear "Motesh" {flame, rF+ rCorr Int-3}
rCold   + . .        (no shield)
rNeg    . . .        N - +3 leather armour {rC+}
rPois   .            (helmet unavailable)
rElec   .            (no cloak)
rCorr   +            t - +2 pair of gloves
SInv    +            (no boots)
Will    .....        J - amulet of the acrobat
Stlth   +++          H - +4 ring of slaying
HPRegen 0.35/turn    R - ring of protection from fire
MPRegen 0.19/turn

%: acrobat
@: heroic, wereblooded, sanguine armoured, acrobatic, hasted, very quick
A: antennae 3, sanguine armour 2, demonic magic 1
a: Renounce Religion, Heroism, Finesse, Duel


You were on level 14 of the Dungeon.
You worshipped Okawaru.
Okawaru was exalted by your worship.
You visited 2 branches of the dungeon, and saw 15 of its levels.

You collected 620 gold pieces.

Inventory:

Hand Weapons
 a - a +0 rapier
 j - a +3 dagger
 o - a +2 dagger of speed
 E - a +2 dagger of venom
 F - the +8 spear "Motesh" (weapon) {flame, rF+ rCorr Int-3}
   (You found it on level 4 of the Dungeon)

   Int-3:     It affects your intelligence (-3).
   rF+:       It protects you from fire.
   rCorr:     It protects you from acid and corrosion.
Missiles
 d - a throwing net
 e - 14 javelins
 q - 6 boomerangs
Armour
 b - a +0 leather armour
 c - a +0 helmet
 t - a +2 pair of gloves (worn)
 w - a +0 kite shield
 N - a +3 leather armour of cold resistance (worn)
 P - the +4 scale mail of Elyfuloi {rN+ rCorr}
   (You found it on level 9 of the Dungeon)

   rN+:       It protects you from negative energy.
   rCorr:     It protects you from acid and corrosion.
 Q - the +0 scale mail "Voni" {Dex+6}
   (Okawaru gifted it to you on level 9 of the Dungeon)

   Dex+6:     It affects your dexterity (+6).
 U - a +1 hat
 X - a +2 ring mail of cold resistance
Jewellery
 m - an amulet of guardian spirit
 H - a +4 ring of slaying (left hand)
 J - an amulet of the acrobat (around neck)
 R - a ring of protection from fire (right hand)
Wands
 y - a wand of iceblast (25)
 D - a wand of polymorph (9)
 O - a wand of flame (48)
 S - a wand of paralysis (1)
Scrolls
 f - 2 scrolls of fear
 g - a scroll of revelation {unknown}
 h - 2 scrolls of amnesia
 l - 8 scrolls of teleportation
 p - 3 scrolls of fog
 s - a scroll of poison {unknown}
 C - 2 scrolls of vulnerability {unknown}
 G - a scroll of immolation
 I - 4 scrolls of enchant weapon
 K - 2 scrolls of enchant armour {unknown}
 L - 2 scrolls of butterflies
 T - a scroll of acquirement {unknown}
 W - a scroll of torment {unknown}
Potions
 i - 3 potions of curing
 k - 4 potions of lignification
 n - a potion of attraction
 r - 3 potions of brilliance
 u - 2 potions of enlightenment
 x - 3 potions of mutation {unknown}
 z - 2 potions of cancellation
 A - a potion of berserk rage {unknown}
 B - 2 potions of degeneration {unknown}
 M - a potion of heal wounds {unknown}
 V - a potion of ambrosia {unknown}
 Y - a potion of might {unknown}


   Skills:
 - Level 9.0(14.0) Fighting
 - Level 2.6(7.6) Short Blades
 - Level 5.0(10.0) Polearms
 - Level 1.7(6.7) Throwing
 - Level 5.0(10.0) Armour
 - Level 5.0(10.0) Dodging
 - Level 8.0 Spellcasting
 - Level 6.5 Transmutations
 - Level 3.7 Fire Magic
 + Level 7.0 Poison Magic
 - Level 9.0 Invocations
 - Level 5.0 Evocations


You had 21 spell levels left.
You knew the following spells:

 Your Spells              Type           Power      Damage    Failure   Level
a - Sting                 Tmut/Pois      60%        1d6       1%          1
b - Wereblood             Tmut           15%        N/A       2%          2
c - Ignite Poison         Fire/Tmut/Pois 13%        N/A       6%          3

Your spell library contained the following spells:

 Spells                   Type           Power      Damage    Failure   Level
 Poisonous Vapours        Pois/Air       18%        N/A       8%          2
 Cigotuvi's Dreadful Rot  Necr/Pois/Air  14%        N/A       12%         2
 Olgreb's Toxic Radiance  Pois           16%        N/A       12%         4
 Necrotise                Necr           12%        1d4       21%         1
 Shock                    Conj/Air       12%        1d3       21%         1
 Sublimation of Blood     Necr           3%         N/A       30%         2
 Alistair's Intoxication  Tmut/Pois      10%        N/A       34%         5
 Petrify                  Tmut/Erth      9%         N/A       47%         4
 Frozen Ramparts          Ice            6%         1d1       52%         3
 Ozocubu's Armour         Ice            3%         N/A       52%         3
 Swiftness                Air            3%         N/A       52%         3
 Vampiric Draining        Necr           3%         2d6       52%         3
 Eringya's Noxious Bog    Tmut/Pois      7%         4d6       89%         6
 Airstrike                Air            1%         2d(1-17)  90%         4
 Agony                    Necr           3%         N/A       99%         5
 Borgnjor's Vile Clutch   Necr/Erth      1%         N/A       99%         5
 Freezing Cloud           Conj/Ice/Air   1%         6-21      99%         5
 Metabolic Englaciation   Hex/Ice        1%         N/A       99%         5
 Ozocubu's Refrigeration  Ice            1%         4d7       100%        7
 Summon Hydra             Summ           Unusable   N/A       N/A         7

Dungeon Overview and Level Annotations

Branches:
Dungeon (14/15)            Temple (1/1) D:4            Lair (0/5) D:11
    Orc (0/2) D:10
 Vaults: D:13-14

Altars:
Ashenzari
Cheibriados
Dithmenos
Fedhas
Gozag
Hepliaklqana
Kikubaaqudgha
Makhleb
Nemelex Xobeh
Okawaru
Ru
Sif Muna
Trog
Uskayaw
Vehumet
Wu Jian
Xom
Yredelemnul

Shops:
D:1 (   D:8 =

Annotations:
D:6 3 runed translucent doors, justen's ghost, novice TrSh; olddryhag's ghost, novice GnRe
D:12 Fannar


Innate Abilities, Weirdness & Mutations

You have a pair of large antennae on your head. (SInv)
When seriously injured, your blood forms thick armour. (AC +9)
Spells you cast may paralyse adjacent enemies.


Message History

Unknown command.
You feel sick.
You puncture the white ugly thing! You burn the white ugly thing.
You feel a bit better.
You kill the white ugly thing!
Okawaru accepts your kill.
You howl as the wereblood boils in your veins!
You feel sick.
Your Poison Magic skill increases to level 7!
Okay, then.
You gain the combat prowess of a mighty hero.
You howl as the wereblood boils in your veins!
You feel sick.
The helpless cyan ugly thing fails to defend itself.
You impale the cyan ugly thing!! You burn the cyan ugly thing.
The cyan ugly thing is moderately wounded.
You howl as the wereblood boils in your veins!
The cyan ugly thing pecks you!
* * * LOW HITPOINT WARNING * * *
The cyan ugly thing shocks you!
* * * LOW HITPOINT WARNING * * *
As you read the scroll of fear, it crumbles to dust.
You assume a fearsome visage.
The cyan ugly thing resists with some effort. x2
You feel sick.
The cyan ugly thing basks in the mutagenic energy from its kin and changes!
Unknown command.
You howl as the wereblood boils in your veins!
You feel sick.
The cyan ugly thing is no longer paralysed.
The cyan ugly thing basks in the mutagenic energy from its kin and changes!
You feel sick.
You are no longer poisoned.
You howl as the wereblood boils in your veins!
You feel yourself speed up.
The white ugly thing attacks as it pursues you!
The white ugly thing trunk-slaps you.
* * * LOW HITPOINT WARNING * * *
The white ugly thing freezes you. You resist.
You die...

### #..#.....#.#... ## #
#..##......#....... .. ##.##
###..#.....#...#.#.##...... #....
#.........u{##......#.......##...
#.........######$..........#....
##.##...#.....##..............).
# ##..#..#...#..............<.
#.....##...................
###....#.u@................
##...#...##..............
#......## #.....#...... #..#....#
## .......... ###......##.#
#####.... ##........... ###....
##......##..## .. #....#.
#.......##...# ..####..####
#....#..#....###........#.#


You could see a white ugly thing.

Vanquished Creatures
  Gastronok (D:10)
  A hydra (D:14)
  A vault guard (D:14)
  A centaur warrior (D:14)
  2 two-headed ogres
  A boulder beetle (D:13)
  Urug (D:10)
  Sonja (D:11)
  Pikel (D:4)
  2 cyclopes
  2 ugly things (D:14)
  An elephant (D:11)
  An unseen horror (D:10)
  Maggie (D:6)
  A gargoyle (D:11)
  A tengu conjurer (D:14)
  6 trolls
  A hornet (D:9)
  Grinder (D:4)
  Prince Ribbit (D:9)
  5 slime creatures (D:13)
  2 basilisks (D:11)
  2 wraiths
  12 yaks (D:9)
  2 vampires
  Eustachio (D:6)
  2 wyverns
  4 vampire mosquitoes (D:12)
  Edmund (D:5)
  A warg (D:10)
  2 acid dragons
  A water moccasin (D:5)
  3 orc warriors
  2 black bears
  A sky beast (D:7)
  2 ice beasts
  3 ogres
  2 centaurs (D:9)
  A phantom (D:5)
  Blork the orc (D:6)
  A kobold brigand (D:8)
  4 bullfrogs
  2 scorpions
  8 wights
  3 killer bees (D:9)
  7 howler monkeys
  5 hounds
  6 jellies
  3 orc priests
  2 gnoll boudas (D:6)
  2 iguanas
  9 orc wizards
  6 gnolls (D:6)
  7 adders
  A white imp (D:5)
  An ufetubus (D:5)
  5 worms
  2 dart slugs
  26 orcs
  8 endoplasms
  2 giant cockroaches
  8 goblins
  4 hobgoblins
  10 jackals
  15 kobolds
  4 quokkas
  6 ball pythons
  6 bats
  4 frilled lizards
  11 rats
256 creatures vanquished.

Notes
Turn   | Place    | Note
-------+----------+-------------------------------------------
     0 | D:1      | Newt the Demonspawn Gladiator began the quest for the Orb.
     0 | D:1      | Reached XP level 1. HP: 16/16 MP: 1/1
    87 | D:1      | Gained mutation: When seriously injured, your blood forms
                  | armour. (AC +9) [demonic ancestry]
    87 | D:1      | Reached XP level 2. HP: 13/23 MP: 2/2
   686 | D:1      | Found Eboebati's Weapon Shoppe.
   695 | D:1      | Gained mutation: When seriously injured, your blood forms
                  | thick armour. (AC +9) [demonic ancestry]
   695 | D:1      | Reached XP level 3. HP: 26/29 MP: 3/3
  1225 | D:2      | Found a radiant altar of Vehumet.
  1623 | D:2      | Gained mutation: Spells you cast may paralyse adjacent
                  | enemies. [demonic ancestry]
  1623 | D:2      | Reached XP level 4. HP: 38/38 MP: 4/4
  1767 | D:3      | Found a sacrificial altar of Ru.
  2854 | D:4      | Found a staircase to the Ecumenical Temple.
  2865 | D:4      | Found a sparkling altar of Nemelex Xobeh.
  2883 | D:4      | Reached skill level 5 in Fighting
  3029 | Temple   | Entered the Ecumenical Temple
  3075 | Temple   | Became a worshipper of Warmaster Okawaru
  3174 | D:4      | Reached skill level 1 in Spellcasting
  3174 | D:4      | Reached skill level 1 in Poison Magic
  3174 | D:4      | Reached XP level 5. HP: 27/44 MP: 4/6
  3242 | D:4      | Identified the +8 spear "Motesh" {flame, rF+ rCorr Int-3}
  3243 | D:4      | Found a basalt altar of Yredelemnul.
  3264 | D:4      | Learned a level 1 spell: Sting
  3289 | D:4      | Noticed Grinder
  3306 | D:4      | Killed Grinder
  3306 | D:4      | Reached * piety under Okawaru
  3307 | D:4      | Reached XP level 6. HP: 46/51 MP: 7/10
  3465 | D:4      | Noticed Pikel
  3468 | D:4      | Noticed an ice beast
  3481 | D:4      | Killed Pikel
  3481 | D:4      | Reached ** piety under Okawaru
  3482 | D:4      | Reached skill level 5 in Poison Magic
  3482 | D:4      | Gained mutation: You have a pair of small antennae on your
                  | head. [demonic ancestry]
  3482 | D:4      | Reached XP level 7. HP: 29/56 MP: 5/13
  3644 | D:4      | Reached skill level 5 in Spellcasting
  3644 | D:4      | Reached skill level 1 in Transmutations
  3644 | D:4      | Reached XP level 8. HP: 39/62 MP: 9/15
  3812 | D:4      | Noticed a moth of wrath
  3815 | D:4      | Found a bloodstained altar of Trog.
  3875 | D:5      | Entered Level 5 of the Dungeon
  4233 | D:5      | You fall into a shaft and drop 3 floors!
  4341 | D:8      | Found a blossoming altar of Fedhas.
  4458 | D:6      | Reached *** piety under Okawaru
  4546 | D:6      | Noticed Blork the orc
  4565 | D:6      | Killed Blork the orc
  4633 | D:6      | Reached skill level 5 in Transmutations
  4659 | D:6      | Found a runed translucent gate.
  4659 | D:6      | Found a runed translucent gate.
  4660 | D:6      | Found a runed translucent gate.
  4661 | D:6      | Noticed justen's ghost (novice TrSh)
  4661 | D:6      | Noticed olddryhag's ghost (novice GnRe)
  4667 | D:6      | Noticed Maggie
  4681 | D:6      | Killed Maggie
  4737 | D:6      | Found a broken altar of Ashenzari.
  4816 | D:6      | Gained mutation: You have a pair of antennae on your head.
                  | [demonic ancestry]
  4816 | D:6      | Reached XP level 9. HP: 60/68 MP: 14/16
  4877 | D:6      | Noticed Eustachio
  4884 | D:6      | Reached skill level 1 in Polearms
  4890 | D:6      | Killed Eustachio
  5106 | D:6      | Reached **** piety under Okawaru
  5346 | D:5      | Noticed Edmund
  5357 | D:5      | Killed Edmund
  5630 | D:5      | Found a shimmering blue altar of Sif Muna.
  5709 | D:5      | Found a shadowy altar of Dithmenos.
  6002 | D:7      | Reached skill level 5 in Polearms
  6483 | D:7      | Found a radiant altar of Vehumet.
  6973 | D:8      | Learned a level 2 spell: Wereblood
  7024 | D:8      | Found a snail-covered altar of Cheibriados.
  7072 | D:8      | Found Meorchaj's Jewellery Shoppe.
  7096 | D:8      | Reached XP level 10. HP: 45/80 MP: 5/17
  7522 | D:8      | Found an opulent altar of Gozag.
  7665 | D:9      | Reached ***** piety under Okawaru
  7825 | D:9      | Noticed a two-headed ogre
  7836 | D:9      | Killed a two-headed ogre
  8029 | D:9      | Identified the +4 scale mail of Elyfuloi {rN+ rCorr}
  8075 | D:9      | Noticed Prince Ribbit
  8081 | D:9      | Reached skill level 5 in Dodging
  8088 | D:9      | Killed Prince Ribbit
  8089 | D:9      | Reached skill level 1 in Armour
  8221 | D:9      | Identified the +0 scale mail "Voni" {Dex+6} (Okawaru gifted
                  | it to you on level 9 of the Dungeon)
  8221 | D:9      | Received a gift from Okawaru
  8234 | D:9      | Reached skill level 5 in Armour
  8636 | D:10     | Entered Level 10 of the Dungeon
  8672 | D:10     | Found a staircase to the Orcish Mines.
  8727 | D:10     | Noticed Urug
  8742 | D:10     | Killed Urug
  8743 | D:10     | Reached XP level 11. HP: 73/89 MP: 12/20
  9315 | D:10     | Noticed Gastronok
  9336 | D:10     | Killed Gastronok
  9337 | D:10     | Reached skill level 1 in Fire Magic
  9805 | D:11     | Found a staircase to the Lair.
  9988 | D:11     | Learned a level 3 spell: Ignite Poison
 10164 | D:11     | Reached skill level 1 in Evocations
 10238 | D:11     | Noticed a two-headed ogre
 10245 | D:11     | Killed a two-headed ogre
 10647 | D:11     | Noticed Sonja
 10655 | D:11     | Killed Sonja
 10898 | D:11     | Reached skill level 5 in Evocations
 10898 | D:11     | Reached skill level 1 in Invocations
 11300 | D:12     | Received a gift from Okawaru
 11742 | D:12     | Noticed a skeletal warrior
 11745 | D:12     | Noticed a skeletal warrior
 11766 | D:12     | Noticed Fannar
 12141 | D:13     | Reached skill level 5 in Invocations
 12415 | D:13     | Noticed a boulder beetle
 12427 | D:13     | Killed a boulder beetle
 12568 | D:13     | Gained mutation: You have a pair of large antennae on your
                  | head. (SInv) [demonic ancestry]
 12568 | D:13     | Reached XP level 12. HP: 93/95 MP: 21/24
 13130 | D:13     | Noticed a vault guard
 13130 | D:13     | Noticed a vault guard
 13130 | D:13     | Noticed a vault guard
 13130 | D:13     | Noticed a vault guard
 13138 | D:13     | Noticed a vault guard
 13165 | D:14     | Killed a vault guard
 13700 | D:14     | Noticed a centaur warrior
 13711 | D:14     | Killed a centaur warrior
 13824 | D:14     | Noticed a seven-headed hydra
 13827 | D:14     | Reached ****** piety under Okawaru
 13838 | D:14     | Killed a seven-headed hydra
 14186 | D:14     | Identified the +4 double sword of Fuzap {vamp, rN+ Str-5
                  | Dex+4} (Okawaru gifted it to you on level 14 of the
                  | Dungeon)
 14186 | D:14     | Received a gift from Okawaru
 14205 | D:14     | HP: 3/95 [white ugly thing (5)]
 14205 | D:14     | Slain by a white ugly thing

Illustrated notes

Levels and vault maps discovered:
D:1:      eino_arrival_water_star, layout_basic, serial_shops,
          nicolae_diamond_shop
D:2:      layout_basic, serial_curves, eino_curves_03, eino_curves_03,
          basic_altar, lightli_corner_chamber
D:3:      layout_basic, nicolae_ru_awakened_eye, lemuel_tele_altar,
          minmay_fractal_squares_gapless_5
D:4:      layout_basic, nicolae_overflow_crystal_walls, tgw_trog,
          mainiacjoe_overflow_cross_hatched, temple_fountains, uniq_pikel,
          uniq_grinder
D:5:      layout_gridville, nicolae_dithmenos_through_a_glass_darkly,
          led_sif_book, uniq_edmund
D:6:      layout_rooms, kennysheep_mini, gammafunk_ghost_cemetery,
          uniq_blork_the_orc, uniq_maggie, uniq_eustachio
D:7:      layout_loops_ring, amcnicky_altar_gilded, nicolae_vehumet_radiance,
          serial_co_window_serial, co_window_of_opportunity_a,
          co_window_corner_a, co_window_paths_b, co_window_cross_1,
          co_window_of_opportunity_a, co_window_broadway_b, co_window_paths_c,
          co_window_unsneaky_path_a, co_window_corner_b, co_window_broadway_c,
          glass_columns_c, minmay_tree_intersection, chequers_garden,
          st_stairs_6
D:8:      layout_loops_ring, lemuel_crystal_altar, kennysheep_little_box,
          cheibriados_altar_1, serial_shops, nicolae_shop_just_a_little_nook
D:9:      layout_rooms, nicolae_overflow_hidden_temple, uniq_prince_ribbit1
D:10:     layout_long_grid, minmay_orc_entry_guard_dogs, uniq_gastronok,
          uniq_urug
D:11:     layout_gridville, david_lair_generic, uniq_sonja
D:12:     layout_rooms, serial_shops, nicolae_shop_overgrown_old_shop,
          kennysheep_generic_room_10, uniq_fannar
D:13:     layout_roguey, ximxim_vaults_locker_room
D:14:     layout_cave_pools, serial_glass, glass_columns_c, glass_columns_a
Temple:   pf_temple_reverse_labyrinth

Skill      XL: |  1  2  3  4  5  6  7  8  9 10 11 12 |
---------------+-------------------------------------+-----
Fighting       | 3 4 5 7 9 |  9.0
Spellcasting   | 1 2 4 5 6 8 |  8.0
Poison Magic   | 1 3 5 7 |  7.0
Transmutations | 1 6 |  6.5
Polearms       | 5 |  5.0
Dodging        | 5 |  5.0
Armour         | 5 |  5.0
Fire Magic     | 3 |  3.7
Evocations     | 5 |  5.0
Invocations    | 6 9 |  9.0
Short Blades   | |  2.6
Throwing       | |  1.7

Action                     |  1- 3 |  4- 6 |  7- 9 | 10-12 || total
---------------------------+-------+-------+-------+-------++-------
  Melee: Rapier            |    79 |       |       |       ||    79
         Dagger            |   138 |   166 |       |       ||   304
         Punch             |     1 |       |     1 |     8 ||    10
         Spear             |       |    36 |   226 |   394 ||   656
  Throw: Boomerang         |       |       |     1 |       ||     1
         Throwing net      |       |       |       |     2 ||     2
   Cast: Sting             |       |       |    41 |   126 ||   167
         Wereblood         |       |       |     1 |     7 ||     8
         Ignite Poison     |       |       |       |     7 ||     7
 Invoke: Heroism           |       |       |       |     2 ||     2
  Evoke: Wand              |       |       |       |     2 ||     2
    Use: Scroll            |     1 |     2 |     5 |     5 ||    13
         Potion            |       |       |     1 |     4 ||     5
   Stab: Sleeping          |     1 |     1 |     2 |     1 ||     5
         Paralysed         |       |       |    41 |   107 ||   148
 Armour: Leather armour    |   137 |    72 |   158 |   314 ||   681
  Dodge: Dodged            |   159 |    54 |   122 |   234 ||   569
  Block: Kite shield       |       |    39 |    14 |       ||    53

Table legend: (Time is in decaauts)
 A = Elapsed time spent in this place.
 B = Non-inter-level travel time spent in this place.
 C = Inter-level travel time spent in this place.
 D = Time resting spent in this place.
 E = Time spent auto-exploring this place.
 F = Levels seen in this place.
 G = Mean time per level.
                   A        B        C        D        E       F      G
               +--------+--------+--------+--------+--------+-----+--------+
         Total |  14087 |  13522 |    565 |   2634 |   8870 |  15 |  939.1 |
       Dungeon |  13995 |  13521 |    474 |   2634 |   8870 |  14 |  999.6 |
        Temple |     92 |      1 |     91 |      0 |      0 |   1 |   92.0 |
               +--------+--------+--------+--------+--------+-----+--------+

Top non-repeatable levels by time:
    D:11: 1753 daAuts
    D:13: 1368 daAuts
     D:7: 1100 daAuts
     D:3: 1077 daAuts
    D:14: 1044 daAuts
    D:10: 1035 daAuts
     D:9: 1025 daAuts
     D:6: 968 daAuts
     D:4: 939 daAuts
     D:1: 919 daAuts
     D:5: 829 daAuts
     D:8: 811 daAuts
     D:2: 779 daAuts
    D:12: 341 daAuts
  Temple: 92 daAuts
